 Dungeon Crawl Stone Soup version 0.31-a0-846-gb3bcc0d938 (webtiles) character file.

Game seed: 96964576225407731

678 Bnni the Vexing (level 7, -19/52 HPs)
             Began as a Formicid Hexslinger on Oct 4, 2023.
             Killed by an exploding Duvessa (36 damage)
             ... ignited by their inner flame
             ... on level 4 of the Dungeon.
             The game lasted 00:11:23 (3374 turns).

Bnni the Vexing (Formicid Hexslinger)               Turns: 3374, Time: 00:11:23

Health: -19/52     AC:  3    Str: 12    XL:     7   Next: 91%
Magic:  6/11       EV: 17    Int: 13    God:
Gold:   202        SH:  0    Dex: 18    Spells: 3/12 levels left

rFire   . . .        a - +1 sling
rCold   . . .        (no shield)
rNeg    . . .        c - +0 robe
rPois   .            (helmet unavailable)
rElec   .            (no cloak)
rCorr   .            m - +0 pair of gloves
SInv    +            (no boots)
Will    +....        (no amulet)
Stlth   +            k - +5 ring of evasion
HPRegen 0.28/turn    B - ring of willpower
MPRegen 0.12/turn

%: no passive effects
@: lit by a corona, glowing
A: permanent stasis, dig shafts and tunnels, antennae 3, four strong arms
a: Dig, Shaft Self


You were on level 4 of the Dungeon.
You visited 1 branch of the dungeon, and saw 4 of its levels.
You also visited: Sewer.

You collected 202 gold pieces.

Inventory:

Hand Weapons
 a - a +1 sling (weapon)
Missiles
 r - 22 poisoned darts
Armour
 c - a +0 robe (worn)
 m - a +0 pair of gloves (worn)
Jewellery
 k - a +5 ring of evasion (left hand)
 B - a ring of willpower (right hand)
Wands
 o - a wand of acid (11)
 s - a wand of roots (9)
Scrolls
 b - a scroll of poison
 e - a scroll of fog {unknown}
 g - 4 scrolls of identify {unknown}
 h - 2 scrolls of teleportation {unknown}
 p - a scroll of vulnerability {unknown}
 q - 2 scrolls of blinking {unknown}
 t - a scroll of silence {unknown}
 v - 2 scrolls of fear {unknown}
 w - a scroll of enchant weapon {unknown}
 y - a scroll of immolation {unknown}
Potions
 d - 2 potions of lignification {unknown}
 f - a potion of curing {unknown}
 i - 2 potions of enlightenment {unknown}
 j - a potion of attraction {unknown}
 l - 2 potions of degeneration {unknown}
 n - a potion of ambrosia {unknown}
 u - 2 potions of resistance {unknown}
 x - a potion of heal wounds {unknown}
 z - a potion of magic {unknown}
 A - a potion of brilliance {unknown}


   Skills:
 + Level 3.5 Fighting
 * Level 5.0 Ranged Weapons
 - Level 1.7 Dodging
 + Level 3.1 Spellcasting
 * Level 6.7 Hexes
 - Level 1.0 Fire Magic


You had 3 spell levels left.
You knew the following spells:

 Your Spells              Type           Power      Damage    Failure   Level
a - Jinxbite              Hex            38%        N/A       2%          2
b - Inner Flame           Hex/Fire       12%        N/A       14%         3
d - Cause Fear            Hex            9%         N/A       14%         4

Your spell library contained the following spells:

 Spells                   Type           Power      Damage    Failure   Level
 Sigil of Binding         Hex            19%        N/A       4%          3
 Apportation              Tloc           4%         N/A       22%         1
 Magic Dart               Conj           8%         1d3       22%         1
 Searing Ray              Conj           4%         2d4       34%         2
 Gell's Gravitas          Tloc           2%         N/A       56%         3
 Teleport Other           Tloc           2%         N/A       56%         3
 Dimensional Bullseye     Hex/Tloc       5%         N/A       50%         4
 Fulminant Prism          Conj/Hex       5%         3d6       50%         4
 Alistair's Intoxication  Tmut/Pois      1%         N/A       99%         5
 Dispersal                Tloc           1%         N/A       100%        6


Dungeon Overview and Level Annotations

Branches:
Dungeon (4/15)              Sewer (visited)
 Temple: D:4-7

Altars:
Makhleb
Uskayaw


Innate Abilities, Weirdness & Mutations

You cannot be hasted, slowed, berserked, paralysed or teleported.
You can dig through walls and to a lower floor.
You have a pair of large antennae on your head. (SInv)
Your four strong arms can wield two-handed weapons with a shield.


Message History

You throw a poisoned dart. The poisoned dart hits Duvessa.
Duvessa is poisoned.
Flame seeps out of Duvessa.
Flame seeps out of Dowan.
Duvessa is engulfed in blazing flames.
Flame seeps out of Duvessa.
Dowan is engulfed in blazing flames.
Duvessa screams in rage.
Duvessa goes berserk!
Dowan explodes!
Your Ranged Weapons skill increases to level 5!
Aiming: Fastroot
Press: ? - help, Shift-Dir - straight line, f/p - Duvessa
Aim: Duvessa, wielding a +0 rapier and wearing a +0 ring mail (moderately wounded, berserk, fast, inner flame, poisoned)
The roots erupt in riotous growth!
Roots grab Duvessa.
The grasping roots constrict Duvessa.
Flame seeps out of Duvessa.
Duvessa is engulfed in blazing flames.
Flame seeps out of Duvessa.
Duvessa struggles to escape constriction.
Duvessa is engulfed in blazing flames.
Flame seeps out of Duvessa.
Duvessa struggles to escape constriction.
You shoot a sling bullet. The sling bullet hits Duvessa.
Flame seeps out of Duvessa.
Duvessa is heavily wounded.
The grasping roots constrict Duvessa.
Flame seeps out of Duvessa. x2
The roots release their grip on Duvessa.
Duvessa is engulfed in blazing flames.
Flame seeps out of Duvessa.
Duvessa hits you with a +0 rapier! Duvessa attacks as she pursues you!
Duvessa hits you with a +0 rapier!
Okay, then.
Okay, then.
Okay, then.
Aiming: Fastroot
Press: ? - help, Shift-Dir - straight line, p - Duvessa The roots erupt in riotous growth!
Roots grab Duvessa.
The grasping roots constrict Duvessa.
Flame seeps out of Duvessa. x2
Duvessa is engulfed in blazing flames.
Flame seeps out of Duvessa.
Duvessa hits you with a +0 rapier!
Duvessa is engulfed in blazing flames.
Duvessa explodes!
The fiery explosion engulfs you!!!
Ouch! That really hurt!
You die...

.......## ##....#.........#
........# #.#......<####.#
........####..............#
.........#...##.....#######
.............##..####
..........##.......#
..........##......##
..............#...#
..............#§@##
...............§○#
...............§§##
...........☼§.....#
...........§)§...(#
............§§....#
..##.......##....(#
.###......##......# .#
#......##.........


There were no monsters in sight!

Vanquished Creatures
  Eustachio (D:4)
  Duvessa (D:4)
  2 kobold brigands (Sewer)
  Dowan (D:4)
  A jelly (D:4)
  A hound (D:3)
  An iguana (D:4)
  Ijyb (D:3)
  Robin (D:3)
  3 gnolls (D:4)
  7 adders
  A river rat (D:4)
  2 ufetubi (D:4)
  3 worms
  4 dart slugs
  5 orcs (D:4)
  7 ball pythons
  2 endoplasms
  6 giant cockroaches
  12 goblins
  10 hobgoblins
  2 jackals (D:2)
  5 quokkas
  7 bats
  5 frilled lizards
  13 kobolds
  12 rats
116 creatures vanquished.

Notes
Turn   | Place    | Note
-------+----------+-------------------------------------------
     0 | D:1      | Bnni the Formicid Hexslinger began the quest for the Orb.
     0 | D:1      | Reached XP level 1. HP: 15/15 MP: 2/2
    89 | D:1      | Reached XP level 2. HP: 21/21 MP: 3/3
    92 | D:1      | Learned a level 2 spell: Jinxbite
   204 | D:1      | Reached skill level 4 in Hexes
   399 | D:1      | Found a faded altar of an unknown god.
   487 | D:1      | Reached XP level 3. HP: 26/26 MP: 5/5
  1185 | D:2      | Reached XP level 4. HP: 33/33 MP: 6/6
  1287 | D:3      | Learned a level 4 spell: Cause Fear
  1472 | D:3      | Noticed Robin
  1477 | D:3      | Killed Robin
  1478 | D:3      | Reached XP level 5. HP: 38/38 MP: 4/7
  1529 | D:3      | Noticed Ijyb
  1548 | D:3      | Killed Ijyb
  1549 | D:3      | Reached skill level 5 in Hexes
  1685 | D:3      | Found a burning altar of Makhleb.
  1691 | D:3      | Identified the +3 leather armour of the Nexus {rN+ Slay+3}
  1899 | D:3      | Found a hide-covered altar of Uskayaw.
  2371 | D:4      | Reached XP level 6. HP: 46/46 MP: 6/9
  2383 | D:4      | Found a glowing drain.
  2438 | D:4      | Learned a level 3 spell: Inner Flame
  2461 | Sewer    | Entered a sewer
  2652 | Sewer    | Reached skill level 6 in Hexes
  2652 | Sewer    | Reached XP level 7. HP: 15/52 MP: 8/11
  2954 | D:4      | Noticed Eustachio
  2995 | D:4      | Killed Eustachio
  3361 | D:4      | Noticed Dowan
  3362 | D:4      | Noticed Duvessa
  3370 | D:4      | Killed Dowan
  3371 | D:4      | Reached skill level 5 in Ranged Weapons
  3374 | D:4      | Killed Duvessa
  3374 | D:4      | Killed by an exploding Duvessa... ignited by their inner
                  | flame

Illustrated notes

Levels and vault maps discovered:
D:1:      doesnt_arrival_eight_statues, layout_basic,
          shapermc_ecumenical_altar_petra
D:2:      layout_loops_ring
D:3:      layout_loops_ring, mainiacjoe_overflow_concentric_impassable,
          lemuel_tele_altar, uniq_ijyb, uniq_robin
D:4:      layout_cave_pools, portal_sewer_entry_a, minmay_unequal, uniq_duvessa,
          uniq_eustachio

Skill      XL: |  1  2  3  4  5  6  7 |
---------------+----------------------+-----
Hexes          | 4 5 6 |  6.7
Fighting       | 2 3 |  3.5
Ranged Weapons | 3 4 5 |  5.0
Spellcasting   | 2 3 |  3.1
Dodging        | |  1.7
Fire Magic     | |  1.0

Action                     |  1- 3 |  4- 6 |  7- 9 || total
---------------------------+-------+-------+-------++-------
   Fire: Sling             |   100 |   180 |    62 ||   342
  Throw: Dart              |       |       |     5 ||     5
   Cast: Jinxbite          |       |    10 |     1 ||    11
         Inner Flame       |       |       |     3 ||     3
  Evoke: Wand              |       |       |     4 ||     4
 Armour: Robe              |    10 |    19 |    18 ||    47
  Dodge: Dodged            |    23 |    61 |    32 ||   116

Table legend: (Time is in decaauts)
 A = Elapsed time spent in this place.
 B = Non-inter-level travel time spent in this place.
 C = Inter-level travel time spent in this place.
 D = Time resting spent in this place.
 E = Time spent auto-exploring this place.
 F = Levels seen in this place.
 G = Mean time per level.
                   A        B        C        D        E       F      G
               +--------+--------+--------+--------+--------+-----+--------+
         Total |   3513 |   3415 |     98 |    403 |   2235 |   5 |  702.6 |
       Dungeon |   3015 |   2917 |     98 |    272 |   2019 |   4 |  753.8 |
         Sewer |    497 |    497 |      0 |    131 |    216 |   1 |  497.0 |
               +--------+--------+--------+--------+--------+-----+--------+

Top non-repeatable levels by time:
     D:3: 1010 daAuts
     D:1: 701 daAuts
     D:4: 701 daAuts
     D:2: 603 daAuts
   Sewer: 497 daAuts
